 Dungeon Crawl Stone Soup version 0.31-a0-1499-ge0622b2318 (webtiles) character file.

Game seed: 6541600787200183921

15 zazu2006 the Charlatan (level 2, -1/20 HPs)
             Began as a Gnoll Wanderer on Dec 29, 2023.
             Slain by a hobgoblin (2 damage)
             ... on level 1 of the Dungeon.
             The game lasted 00:01:25 (535 turns).

zazu2006 the Charlatan (Gnoll Wanderer)              Turns: 535, Time: 00:01:26

Health: -1/20      AC:  2    Str: 10    XL:     2   Next: 50%
Magic:  1/7        EV: 12    Int: 14    God:
Gold:   8          SH:  0    Dex:  9    Spells: 9/10 levels left

rFire   . . .        e - +0 dagger
rCold   . . .        (no shield)
rNeg    . . .        c - +0 robe
rPois   .            (no helmet)
rElec   .            (no cloak)
rCorr   .            (no gloves)
SInv    .            (no boots)
Will    .....        (no amulet)
Stlth   +            (no ring)
HPRegen 0.23/turn    (no ring)
MPRegen 0.10/turn

%: no passive effects
@: no status effects
A: fangs 1, strong nose, distributed training
a: no special abilities


You were on level 1 of the Dungeon.
You visited 1 branch of the dungeon, and saw 1 of its levels.

You collected 8 gold pieces.

Inventory:

Hand Weapons
 e - a +0 dagger (weapon)
Armour
 c - a +0 robe (worn)
Wands
 d - a wand of flame (6)
Potions
 a - a potion of cancellation {unknown}
 b - a potion of heal wounds


   Skills:
 + Level 0.5 Fighting
 + Level 0.5 Short Blades
 + Level 0.5 Long Blades
 + Level 0.5 Axes
 + Level 0.5 Maces & Flails
 + Level 0.5 Polearms
 + Level 0.5 Staves
 + Level 0.5 Ranged Weapons
 + Level 0.5 Throwing
 + Level 0.5 Armour
 + Level 2.5 Dodging
 + Level 0.5 Stealth
 + Level 0.5 Shields
 + Level 0.5 Unarmed Combat
 + Level 4.9 Spellcasting
 + Level 0.3 Conjurations
 + Level 0.3 Hexes
 + Level 0.3 Summonings
 + Level 0.3 Necromancy
 + Level 0.3 Translocations
 + Level 0.3 Fire Magic
 + Level 0.3 Ice Magic
 + Level 0.3 Air Magic
 + Level 0.3 Earth Magic
 + Level 5.3 Alchemy
 + Level 0.6 Invocations
 + Level 6.5 Evocations
 + Level 0.4 Shapeshifting


You had 9 spell levels left.
You knew the following spells:

 Your Spells              Type           Power      Damage    Failure   Level
a - Magic Dart            Conj           16%        1d3       16%         1

Your spell library contained the following spells:

 Spells                   Type           Power      Damage    Failure   Level
 Mercury Vapours          Alch/Air       22%        N/A       9%          2
 Cigotuvi's Dreadful Rot  Necr/Alch/Air  18%        N/A       12%         2
 Apportation              Tloc           8%         N/A       16%         1
 Jinxbite                 Hex            8%         N/A       22%         2
 Frozen Ramparts          Ice            8%         1d2       41%         3
 Teleport Other           Tloc           4%         N/A       41%         3
 Alistair's Intoxication  Alch           12%        N/A       47%         5


Dungeon Overview and Level Annotations

Branches:
Dungeon (1/15)

Altars:


Innate Abilities, Weirdness & Mutations

You have very sharp teeth.
Your uncanny sense of smell can sniff out nearby items.
Your experience applies equally to all skills.


Message History

The jackal bites you.
You hit the jackal.
You kill the jackal!
You closely miss the hobgoblin. The hobgoblin closely misses you.
You hit the hobgoblin but do no damage. The hobgoblin hits you.
You hit the hobgoblin.
The hobgoblin is heavily wounded.
The hobgoblin hits you.
You closely miss the hobgoblin.
The hobgoblin is heavily wounded.
The hobgoblin hits you.
Your magical contamination has completely faded away.
Casting: Magic Dart (safe; 16% risk of failure)
Confirm with . or Enter, or press ? or * to list all spells.
Aiming: Magic Dart (safe; 16% risk of failure)
Press: ? - help, Shift-Dir - straight line, f - hobgoblin
Aim: a hobgoblin, wearing a +0 robe (heavily wounded, 100% to hit)
The magic dart hits the hobgoblin but does no damage.
The hobgoblin is heavily wounded.
The hobgoblin hits you.
Unknown command.
Casting: Magic Dart (safe; 16% risk of failure)
Confirm with . or Enter, or press ? or * to list all spells.
You don't have enough magic to cast this spell.
Unknown command.
You hit the hobgoblin but do no damage.
The hobgoblin is heavily wounded.
The hobgoblin hits you.
* * * LOW HITPOINT WARNING * * *
The hobgoblin attacks as it pursues you!
The hobgoblin hits you.
* * * LOW HITPOINT WARNING * * *
The hobgoblin attacks as it pursues you!
The hobgoblin barely misses you.
The hobgoblin attacks as it pursues you!
The hobgoblin hits you.
* * * LOW HITPOINT WARNING * * *
The hobgoblin attacks as it pursues you!
The hobgoblin hits you.
You die...

##. ... ... g.##
#.#.#####.....
##.#......h# . #...#
#†#∆ #.###...###.#
#........#h#
##.........# #
##......@g### ## #
#.....†.#####.## #.∆#
..###..........###
##.##
####.####....####...#
#.# ....#..~.. #.#
8..~....~..
#.######...~..~~~.
#.....#.....~~~~~~
######....~~~~...~


You could see a jackal and a hobgoblin.

Vanquished Creatures
  A dart slug (D:1)
  2 endoplasms (D:1)
  3 goblins (D:1)
  A hobgoblin (D:1)
  A jackal (D:1)
  2 ball pythons (D:1)
  A bat (D:1)
  A rat (D:1)
12 creatures vanquished.

Notes
Turn   | Place    | Note
-------+----------+-------------------------------------------
     0 | D:1      | zazu2006 the Gnoll Wanderer began the quest for the Orb.
     0 | D:1      | zazu2006 set off with the following items: a +0 club, a
                  | potion of heal wounds, a +0 robe, a wand of flame (6); and
                  | the following spell memorised: Magic Dart; and the
                  | following spells available to memorise: Mercury Vapours,
                  | Cigotuvi's Dreadful Rot, Jinxbite, Frozen Ramparts,
                  | Teleport Other.
     0 | D:1      | Reached XP level 1. HP: 13/13 MP: 6/6
   198 | D:1      | Reached XP level 2. HP: 19/19 MP: 4/7
   534 | D:1      | HP: 1/20 [hobgoblin (4)]
   535 | D:1      | Slain by a hobgoblin

Illustrated notes

Levels and vault maps discovered:
D:1:      eino_arrival_water_star, layout_loops_ring

Action                     || total
---------------------------++-------
  Melee: Club              ||     3
         Bite              ||     3
         Dagger            ||    11
   Cast: Magic Dart        ||    35
 Armour: Robe              ||    13
  Dodge: Dodged            ||    12

Table legend: (Time is in decaauts)
 A = Elapsed time spent in this place.
 B = Non-inter-level travel time spent in this place.
 C = Inter-level travel time spent in this place.
 D = Time resting spent in this place.
 E = Time spent auto-exploring this place.
 F = Levels seen in this place.
 G = Mean time per level.
                   A        B        C        D        E       F      G
               +--------+--------+--------+--------+--------+-----+--------+
         Total |    534 |    534 |      0 |      0 |    454 |   1 |  534.0 |
       Dungeon |    534 |    534 |      0 |      0 |    454 |   1 |  534.0 |
               +--------+--------+--------+--------+--------+-----+--------+

Top non-repeatable levels by time:
     D:1: 534 daAuts
